 Dungeon Sprint DCSS version 0.20-a0-555-gf6ae02d (webtiles) character file.

2237 Gingerlord the Fighter (level 9, -1/70 HPs)
             Began as a Barachian Fighter on Feb 4, 2017.
             Was a Believer of Hepliaklqana.
             Slain by a komodo dragon (18 damage)
             ... in the Dungeon (Sprint IX: "|||||||||||||||||||||||||||||").
             The game lasted 00:03:26 (1059 turns).

Gingerlord the Fighter (Barachian Fighter)          Turns: 1059, Time: 00:03:26

Health: -1/70      AC: 10    Str: 17    XL:     9   Next: 36%
Magic:  15/15      EV: 17    Int:  6    God:    Hepliaklqana [**....]
Gold:   0          SH: 11    Dex: 14    Spells: 8/8 levels left

rFire    . . .     SeeInvis .   p - +2 scimitar (flame)
rCold    . . .     Gourm    .   r - +2 ring mail
rNeg     . . .     Faith    .   c - +0 shield
rPois    .         Spirit   .   q - +0 helmet
rElec    .         Reflect  .   (no cloak)
rCorr    .         Harm     .   (no gloves)
MR       .....     NoTele   +   (no boots)
Stlth    +.........             (no amulet)
Regen    0.3/turn               t - +2 ring of evasion
                                s - +3 ring of dexterity

@: slow
A: swims, reduced essence, slowness 1, strong legs 1
a: Hop, Recall Ancestor, Ancestor Identity, Renounce Religion


You were in the Dungeon.
You worshipped Hepliaklqana.
Hepliaklqana was pleased with you.
You were hungry.

You visited 1 branch

Inventory:

Hand Weapons
 a - a +0 long sword
 p - a +2 scimitar of flaming (weapon)
Armour
 c - a +0 shield (worn)
 q - a +0 helmet (worn)
 r - a +2 ring mail (worn)
Jewellery
 s - a +3 ring of dexterity (left hand)
 t - a +2 ring of evasion (right hand)
Wands
 o - a wand of acid (7/15)
Scrolls
 k - 4 scrolls of blinking
 m - 3 scrolls of remove curse
 n - 2 scrolls of amnesia
 u - 2 scrolls of enchant armour
 v - 2 scrolls of enchant weapon
 w - a scroll of fear
 x - a scroll of recharging
Potions
 b - 3 potions of brilliance
 d - a potion of agility
 e - 3 potions of curing
 g - a potion of heal wounds
 h - 2 potions of haste
 i - 4 potions of magic
 j - a potion of berserk rage
 l - a potion of invisibility
Comestibles
 f - a bread ration


   Skills:
 + Level 10.2 Fighting
 + Level 9.9 Long Blades
 + Level 10.1 Armour
 + Level 8.6 Dodging
 + Level 9.3 Shields
 + Level 8.3 Invocations


You had 8 spell levels left.
You didn't know any spells.

Dungeon Overview and Level Annotations

Branches:
Dungeon (1/1)

Altars:
Cheibriados
Dithmenos
Elyvilon
Fedhas
Gozag
Hepliaklqana
Kikubaaqudgha
Makhleb
Nemelex Xobeh
Okawaru
Qazlal
Ru
Sif Muna
Trog
Uskayaw
Vehumet
Xom
Yredelemnul
Zin
The Shining One
Beogh
Jiyva
Lugonu


Innate Abilities, Weirdness & Mutations

You can swim through water.
You cover ground slowly.
You can hop short distances.
Your life essence is reduced. (-10% HP)


Message History

The komodo dragon bites you!!
A seven-headed hydra comes into view.
The seven-headed hydra roars!
You hit the komodo dragon. You burn the komodo dragon.
The komodo dragon is heavily wounded.
The komodo dragon bites you!
You slash the komodo dragon! You burn the komodo dragon.
The komodo dragon is severely wounded.
The komodo dragon bites you!!
* * * LOW HITPOINT WARNING * * *
You closely miss the komodo dragon.
The komodo dragon is severely wounded.
You block the komodo dragon's attack.
You closely miss the komodo dragon.
The komodo dragon is severely wounded.
You block the komodo dragon's attack.
You hit the komodo dragon. You burn the komodo dragon.
The komodo dragon is almost dead.
The komodo dragon bites you!!
You die...

▓▓▓▓▓▓▓▓▓▓▓▓▓▓▓▓▓▓▓▓▓▓▓▓▓▓▓▓▓▓▓▓▓
..'_______________________.'..|)[
▓▓▓▓▓▓▓▓▓▓▓▓▓▓▓▓▓▓▓▓▓▓▓▓▓▓▓▓▓▓▓▓▓
.................................
▓▓▓▓▓▓▓▓▓▓▓▓▓▓▓▓▓▓▓▓▓▓▓▓▓▓▓▓▓▓▓▓▓
:[....÷÷.......R@lHHrDtr
▓▓▓▓▓▓▓▓▓▓▓▓▓▓▓▓▓▓▓▓▓▓▓▓


You could see the friendly Leofdaeg the knight, a seven-headed hydra, a komodo
dragon, 2 hippogriffs, a crocodile and 2 porcupines.

Vanquished Creatures
  A manticore (D)
  2 komodo dragons (D)
  A meliai (shapeshifter) (D)
  A basilisk (D)
  2 water moccasins (D)
  An ice beast (D)
  A necrophage (D)
  An ogre (D)
  A centaur (D)
  2 crocodiles (D)
  A bullfrog (D)
  2 wights (D)
  A jelly (D)
  An orc wizard (D)
  An iguana (D)
  3 worker ants (D)
  A hell rat (D)
  An adder zombie (D)
  An ooze (D)
  A bat (D)
  A bat skeleton (D)
  A bat zombie (D)
  A giant cockroach (D)
  A hobgoblin (D)
  A rat (D)
31 creatures vanquished.

Vanquished Creatures (others)
  A knight (D)
1 creature vanquished.

Grand Total: 32 creatures vanquished

Notes
Turn   | Place    | Note
-------+----------+-------------------------------------------
     0 | D        | Gingerlord the Barachian Fighter began the quest for the Orb.
     0 | D        | Reached XP level 1. HP: 18/18 MP: 1/1
     7 | D        | Reached skill level 1 in Dodging
    14 | D        | Reached XP level 2. HP: 21/25 MP: 2/2
    71 | D        | Reached XP level 3. HP: 31/31 MP: 3/3
    74 | D        | Reached skill level 5 in Fighting
    74 | D        | Reached XP level 4. HP: 39/39 MP: 4/4
    81 | D        | Reached skill level 5 in Armour
   118 | D        | Found a roughly hewn altar of Beogh.
   118 | D        | Found a snail-covered altar of Cheibriados.
   118 | D        | Found a shadowy altar of Dithmenos.
   118 | D        | Found a white marble altar of Elyvilon.
   118 | D        | Found a blossoming altar of Fedhas.
   118 | D        | Found an opulent altar of Gozag.
   119 | D        | Found a hazy altar of Hepliaklqana.
   120 | D        | Found a viscous altar of Jiyva.
   121 | D        | Found an ancient bone altar of Kikubaaqudgha.
   122 | D        | Found a corrupted altar of Lugonu.
   123 | D        | Found a burning altar of Makhleb.
   124 | D        | Found a sparkling altar of Nemelex Xobeh.
   125 | D        | Found an iron altar of Okawaru.
   126 | D        | Found a stormy altar of Qazlal.
   127 | D        | Found a sacrificial altar of Ru.
   128 | D        | Found a deep blue altar of Sif Muna.
   129 | D        | Found a bloodstained altar of Trog.
   130 | D        | Found a hide-covered altar of Uskayaw.
   131 | D        | Found a radiant altar of Vehumet.
   132 | D        | Found a shimmering altar of Xom.
   133 | D        | Found a basalt altar of Yredelemnul.
   134 | D        | Found a glowing silver altar of Zin.
   135 | D        | Found a glowing golden altar of the Shining One.
   159 | D        | Became a worshipper of Hepliaklqana the Forgotten
   215 | D        | Noticed an ice beast
   215 | D        | Noticed a necrophage
   219 | D        | Reached skill level 5 in Long Blades
   219 | D        | Reached skill level 5 in Shields
   219 | D        | Reached skill level 1 in Invocations
   219 | D        | Reached XP level 5. HP: 41/41 MP: 5/5
   237 | D        | Killed an ice beast
   237 | D        | Reached skill level 5 in Dodging
   237 | D        | Reached XP level 6. HP: 32/49 MP: 6/8
   254 | D        | Killed a necrophage
   389 | D        | Noticed a manticore
   389 | D        | Noticed a basilisk
   395 | D        | Noticed a meliai
   395 | D        | a basilisk changed into a meliai
   401 | D        | Killed a manticore
   401 | D        | Reached skill level 5 in Invocations
   401 | D        | Reached XP level 7. HP: 8/56 MP: 9/11
   403 | D        | HP: 2/56 [meliai (shapeshifter) (9)]
   405 | D        | Killed a meliai
   405 | D        | Reached XP level 8. HP: 2/63 MP: 9/12
   656 | D        | Reached * piety under Hepliaklqana
   721 | D        | Reached ** piety under Hepliaklqana
   722 | D        | Remembered your ancestor Leofdaeg as a knight
   756 | D        | Noticed a komodo dragon
   763 | D        | Noticed a komodo dragon
   787 | D        | Killed a komodo dragon
   787 | D        | Reached XP level 9. HP: 53/70 MP: 14/14
   800 | D        | Reached skill level 10 in Fighting
   803 | D        | Killed a komodo dragon
   803 | D        | Reached skill level 10 in Armour
  1050 | D        | Noticed a komodo dragon
  1052 | D        | Noticed a spiny frog
  1055 | D        | Noticed a seven-headed hydra
  1059 | D        | Slain by a komodo dragon

Vault maps used:
D:        linesprint

Skill      XL: |  1  2  3  4  5  6  7  8  9 |
---------------+----------------------------+-----
Dodging        | 1 2 3 4 5 6 7 8 |  8.6
Fighting       | 4 5 7 8 9 10 | 10.2
Long Blades    | 3 4 5 6 7 8 9 |  9.9
Armour         | 4 5 6 8 9 10 | 10.1
Shields        | 4 5 6 7 9 |  9.3
Invocations    | 1 3 5 6 7 8 |  8.3

Action                   |  1- 3 |  4- 6 |  7- 9 || total
-------------------------+-------+-------+-------++-------
Melee: Long sword        |    27 |    13 |       ||    40
       Scimitar          |       |    47 |    71 ||   118
Invok: Ancestor Life: Kn |       |       |     1 ||     1
  Use: Potion            |       |     2 |     3 ||     5
Armor: Scale mail        |     7 |     3 |       ||    10
       Ring mail         |       |    13 |    11 ||    24
Dodge: Dodged            |     7 |    33 |    22 ||    62
Block: Shield            |    16 |    34 |    31 ||    81
       Rpst.: Long sword |     5 |     4 |       ||     9
       Scimitar          |       |     5 |     9 ||    14
